 Dungeon Crawl Stone Soup version 0.23.1 (webtiles) character file.

Game seed: 0

1853 havocjr2 the Ducker (level 9, -1/73 HPs)
             Began as a Gnoll Monk on Feb 27, 2019.
             Was a Believer of Vehumet.
             Slain by a hornet (12 damage)
             ... on level 7 of the Dungeon on Mar 12, 2019.
             The game lasted 00:55:23 (7910 turns).

havocjr2 the Ducker (Gnoll Monk)                    Turns: 7910, Time: 00:55:24

Health: -1/73      AC:  6    Str: 13    XL:     9   Next: 12%
Magic:  8/14       EV: 17    Int: 17    God:    Vehumet [**....]
Gold:   320        SH:  0    Dex: 17    Spells: 10/15 levels left

rFire    + . .     SeeInvis .   s - +1 war axe
rCold    + . .     Gourm    .   (no shield)
rNeg     . . .     Faith    .   q - +2 robe {rC+ rF+}
rPois    +         Spirit   .   (no helmet)
rElec    .         Reflect  .   f - +0 cloak
rCorr    .         Harm     .   y - +0 pair of gloves
MR       .....                  (no boots)
Stlth    +++.......             (no amulet)
HPRegen  0.22/turn              o - ring of poison resistance
MPRegen  0.14/turn              j - ring of wizardry

@: lethally poisoned (-1 -> -14), very slightly contaminated
A: distributed training, fangs 1, strong nose
a: Renounce Religion


You were on level 7 of the Dungeon.
You worshipped Vehumet.
Vehumet was pleased with you.
You were not hungry.

You visited 2 branches of the dungeon, and saw 8 of its levels.
You also visited: Sewer.

You collected 320 gold pieces.

Inventory:

Hand Weapons
 l - a +0 arbalest
 s - a +1 war axe (weapon)
Missiles
 k - 140 stones (quivered)
 m - 117 arrows
Armour
 f - a +0 cloak (worn)
 q - a +2 robe of resistance (worn)
 w - a +0 ring mail
 y - a +0 pair of gloves (worn)
Jewellery
 b - an uncursed ring of resist corrosion
 d - an uncursed ring of protection from cold
 j - a ring of wizardry (right hand)
 o - a ring of poison resistance (left hand)
Wands
 a - a wand of flame (20)
Scrolls
 h - 6 scrolls of teleportation
 n - 6 scrolls of identify
 r - 4 scrolls of blinking
 v - 2 scrolls of magic mapping
 x - a scroll of fear
Potions
 e - 2 potions of agility
 g - 3 potions of might
 i - a potion of lignification
 p - 2 potions of curing
 t - 2 potions of magic
 u - a potion of berserk rage
 z - a potion of flight {unknown}
 A - a potion of brilliance
Comestibles
 c - 13 rations


   Skills:
 + Level 7.7 Fighting
 + Level 3.8 Short Blades
 + Level 3.8 Long Blades
 + Level 7.7 Axes
 + Level 3.8 Maces & Flails
 + Level 3.8 Polearms
 + Level 3.8 Staves
 + Level 3.8 Slings
 + Level 3.8 Bows
 + Level 3.8 Crossbows
 + Level 3.8 Throwing
 + Level 3.8 Armour
 + Level 7.7 Dodging
 + Level 5.7 Stealth
 + Level 3.8 Shields
 + Level 3.8 Unarmed Combat
 + Level 3.8 Spellcasting
 + Level 3.1 Conjurations
 + Level 3.1 Hexes
 + Level 3.1 Charms
 + Level 3.1 Summonings
 + Level 3.1 Necromancy
 + Level 3.1 Translocations
 + Level 3.1 Transmutations
 + Level 3.1 Fire Magic
 + Level 3.1 Ice Magic
 + Level 3.1 Air Magic
 + Level 3.1 Earth Magic
 + Level 3.1 Poison Magic
 + Level 4.2 Invocations
 + Level 3.8 Evocations


You had 10 spell levels left.
You knew the following spells:

 Your Spells              Type           Power        Failure   Level  Hunger
a - Shock                 Conj/Air       ##..         1%          1    None
b - Searing Ray           Conj           ##....       2%          2    ##.....
c - Shroud of Golubria    Chrm/Tloc      ##........   2%          2    ##.....

Your spell library contained the following spells:

 Spells                   Type           Power        Failure   Level  Hunger
 Inner Flame              Hex/Fire       ##......     5%          3    ###....
 Infusion                 Chrm           ##..         1%          1    None
 Ensorcelled Hibernation  Hex/Ice        ##....       2%          2    ##.....
 Song of Slaying          Chrm           ##......     2%          2    ##.....
 Regeneration             Chrm/Necr      ##........   5%          3    ###....
 Spectral Weapon          Hex/Chrm       ##......     5%          3    ###....


Dungeon Overview and Level Annotations

Branches:
Dungeon (7/15)             Temple (1/1) D:5

Altars:
Ashenzari
Cheibriados
Dithmenos
Elyvilon
Fedhas
Gozag
Hepliaklqana
Kikubaaqudgha
Makhleb
Okawaru
Qazlal
Ru
Sif Muna
Uskayaw
Vehumet
Wu Jian
Xom

Shops:
D:5 *


Innate Abilities, Weirdness & Mutations

Your experience applies equally to all skills.
You have very sharp teeth.
Your uncanny sense of smell can sniff out nearby items.


Message History

You barely miss the hornet. You bite the hornet, but do no damage.
The hornet is heavily wounded.
The hornet stings you!
You are poisoned.
You feel yourself slow down. The hornet closely misses you.
You closely miss the hornet.
The ooze quivers.
Your bite misses the hornet.
The hornet is heavily wounded.
You feel sick. The hornet misses you. The hornet stings you!
You closely miss the hornet.
The hornet is heavily wounded.
You feel yourself speed up.
You feel sick. The hornet stings you!
* * * LOW HITPOINT WARNING * * *
You are more poisoned.
The hornet stings you!
* * * LOW HITPOINT WARNING * * *
The hornet stings you!
You die...

#.........##.#
#.........##.#
#.........##.#
#....<....##.#
#.............
##########............
##.....#...............
##.............###......
#......@......(.........
#......y......(.####...#
#.............(.####....
#......J..............##
#......(......[.......##
#............(..........
##..............<###..##
##...(((.........##.. #
............#((##


You could see a hornet and an ooze.

Vanquished Creatures
  A hippogriff (D:7)
  2 ogres
  A centaur (D:7)
  2 bullfrogs (D:6)
  2 scorpions (D:4)
  2 wights
  5 killer bees (D:6)
  2 howler monkeys
  3 crimson imps
  2 jellies (D:2)
  A centaur zombie (D:7)
  2 orc priests
  Jessica (D:3)
  3 bullfrog skeletons (D:6)
  6 worker ants
  An iguana (D:5)
  2 river rats (Sewer)
  7 adders
  2 shadow imps (D:6)
  7 oozes (D:2)
  3 adder skeletons (D:4)
  3 worms
  2 dart slugs
  4 leopard geckos
  17 orcs
  7 ball pythons
  4 bats
  2 bat zombies (D:5)
  4 giant cockroaches
  6 goblins
  4 hobgoblins
  13 jackals
  13 kobolds
  3 quokkas
  15 frilled lizards
  A leopard gecko skeleton (D:4)
  A quokka zombie (D:6)
  15 rats
  A rat zombie (D:5)
172 creatures vanquished.

Vanquished Creatures (others)
  8 toadstools (D:2)
8 creatures vanquished.

Grand Total: 180 creatures vanquished

Notes
Turn   | Place    | Note
-------+----------+-------------------------------------------
     0 | D:1      | havocjr2 the Gnoll Monk began the quest for the Orb.
     0 | D:1      | Reached XP level 1. HP: 23/23 MP: 1/1
   364 | D:1      | Reached XP level 2. HP: 24/29 MP: 2/2
   699 | D:2      | Reached XP level 3. HP: 33/35 MP: 3/3
   739 | D:2      | Found a shattered altar of Ashenzari.
  1023 | D:2      | Found a sacrificial altar of Ru.
  1036 | D:2      | Reached skill level 1 in Invocations
  1409 | D:2      | Reached skill level 1 in Short Blades
  1409 | D:2      | Reached skill level 1 in Long Blades
  1409 | D:2      | Reached skill level 1 in Maces & Flails
  1409 | D:2      | Reached skill level 1 in Polearms
  1409 | D:2      | Reached skill level 1 in Staves
  1409 | D:2      | Reached skill level 1 in Slings
  1409 | D:2      | Reached skill level 1 in Bows
  1409 | D:2      | Reached skill level 1 in Crossbows
  1409 | D:2      | Reached skill level 1 in Throwing
  1409 | D:2      | Reached skill level 1 in Armour
  1409 | D:2      | Reached skill level 1 in Shields
  1409 | D:2      | Reached skill level 1 in Unarmed Combat
  1409 | D:2      | Reached skill level 1 in Spellcasting
  1409 | D:2      | Reached skill level 1 in Evocations
  1409 | D:2      | Reached XP level 4. HP: 33/41 MP: 5/5
  1466 | D:2      | Reached skill level 1 in Conjurations
  1466 | D:2      | Reached skill level 1 in Hexes
  1466 | D:2      | Reached skill level 1 in Charms
  1466 | D:2      | Reached skill level 1 in Summonings
  1466 | D:2      | Reached skill level 1 in Necromancy
  1466 | D:2      | Reached skill level 1 in Translocations
  1466 | D:2      | Reached skill level 1 in Transmutations
  1466 | D:2      | Reached skill level 1 in Fire Magic
  1466 | D:2      | Reached skill level 1 in Ice Magic
  1466 | D:2      | Reached skill level 1 in Air Magic
  1466 | D:2      | Reached skill level 1 in Earth Magic
  1466 | D:2      | Reached skill level 1 in Poison Magic
  1726 | D:2      | Reached XP level 5. HP: 33/47 MP: 5/7
  2368 | D:3      | Reached XP level 6. HP: 53/53 MP: 8/8
  2771 | D:3      | Noticed Jessica
  2786 | D:3      | Killed Jessica
  2795 | D:3      | Identified Jessica's Grimoire of the Oath
  3047 | D:4      | Found a glowing drain.
  3090 | Sewer    | Entered a sewer
  3145 | Sewer    | Reached XP level 7. HP: 59/59 MP: 10/10
  3629 | D:4      | Found a white marble altar of Elyvilon.
  4871 | D:5      | Entered Level 5 of the Dungeon
  4886 | D:5      | Reached skill level 5 in Stealth
  4983 | D:5      | Found an opulent altar of Gozag.
  4987 | D:5      | Found Gozag's Platinum Reserve.
  5014 | D:5      | Found an ancient bone altar of Kikubaaqudgha.
  5097 | D:5      | Found a staircase to the Ecumenical Temple.
  5103 | Temple   | Entered the Ecumenical Temple
  5330 | Temple   | Became a worshipper of Vehumet
  5330 | Temple   | Reached * piety under Vehumet
  5330 | Temple   | Offered knowledge of Shock by Vehumet.
  5330 | Temple   | Reached ** piety under Vehumet
  5333 | Temple   | Learned a level 1 spell: Shock
  5482 | D:5      | Offered knowledge of Searing Ray by Vehumet.
  5486 | D:5      | Learned a level 2 spell: Searing Ray
  5851 | D:6      | Reached XP level 8. HP: 52/67 MP: 12/12
  6565 | D:6      | Found a snail-covered altar of Cheibriados.
  6978 | D:7      | Upgraded the game from 0.23.0-38-g208d714 to 0.23.1
  7333 | D:7      | Noticed a hippogriff
  7458 | D:7      | Noticed a hornet
  7459 | D:7      | Reached XP level 9. HP: 69/72 MP: 14/14
  7587 | D:7      | Learned a level 2 spell: Shroud of Golubria
  7680 | D:7      | Offered knowledge of Inner Flame by Vehumet.
  7900 | D:7      | Paralysed by a hornet for 3 turns
  7910 | D:7      | Slain by a hornet

Skill      XL: |  1  2  3  4  5  6  7  8 |
---------------+-------------------------+-----
Invocations    | 1 2 3 4 |  4.2
Short Blades   | 1 2 3 |  3.8
Long Blades    | 1 2 3 |  3.8
Maces & Flails | 1 2 3 |  3.8
Polearms       | 1 2 3 |  3.8
Staves         | 1 2 3 |  3.8
Slings         | 1 2 3 |  3.8
Bows           | 1 2 3 |  3.8
Crossbows      | 1 2 3 |  3.8
Throwing       | 1 2 3 |  3.8
Armour         | 1 2 3 |  3.8
Shields        | 1 2 3 |  3.8
Unarmed Combat | 1 2 3 |  3.8
Spellcasting   | 1 2 3 |  3.8
Evocations     | 1 2 3 |  3.8
Conjurations   | 1 2 3 |  3.1
Hexes          | 1 2 3 |  3.1
Charms         | 1 2 3 |  3.1
Summonings     | 1 2 3 |  3.1
Necromancy     | 1 2 3 |  3.1
Translocations | 1 2 3 |  3.1
Transmutations | 1 2 3 |  3.1
Fire Magic     | 1 2 3 |  3.1
Ice Magic      | 1 2 3 |  3.1
Air Magic      | 1 2 3 |  3.1
Earth Magic    | 1 2 3 |  3.1
Poison Magic   | 1 2 3 |  3.1
Fighting       | 7 |  7.7
Axes           | 7 |  7.7
Dodging        | 7 |  7.7
Stealth        | 5 |  5.7

Action                   |  1- 3 |  4- 6 |  7- 9 || total
-------------------------+-------+-------+-------++-------
Melee: Hand axe          |   147 |   131 |       ||   278
       Bite              |    24 |    17 |    29 ||    70
       Punch             |       |     3 |     5 ||     8
       War axe           |       |    24 |   244 ||   268
Throw: Stone             |       |    33 |    80 ||   113
 Cast: Shock             |       |       |    14 ||    14
       Searing Ray       |       |       |     9 ||     9
  Use: Scroll            |    10 |       |    10 ||    20
       Potion            |       |       |     1 ||     1
 Stab: Sleeping          |     5 |     8 |     3 ||    16
       Distracted        |       |       |     1 ||     1
  Eat: Chunk             |     1 |     3 |    16 ||    20
       Ration            |       |     1 |       ||     1
Armor: Robe              |    26 |    14 |    34 ||    74
       Leather armour    |       |     6 |     9 ||    15
Dodge: Dodged            |   115 |    80 |   215 ||   410
